 Dungeon Crawl Stone Soup version 0.30-a0-465-g8901f6c8b5 (webtiles) character file.

Game seed: 13319894588252927122

492 kurumiz the Poker (level 6, 0/56 HPs)
             Began as a Minotaur Berserker on Dec 19, 2022.
             Was a Priest of Trog.
             Slain by an orc priest
             ... wielding a +0 trident
              (3 damage)
             ... on level 5 of the Dungeon.
             The game lasted 00:12:09 (4592 turns).

kurumiz the Poker (Minotaur Berserker)              Turns: 4592, Time: 00:12:09

Health: 0/56       AC:  4    Str: 24    XL:     6   Next: 91%
Magic:  5/5        EV: 13    Int:  4    God:    Trog [***...]
Gold:   192        SH:  0    Dex: 13    Spells: 5/5 levels left

rFire   . . .      SeeInvis .    a - +0 spear
rCold   . . .      Faith    .    (no shield)
rNeg    . . .      Spirit   .    y - +1 leather armour "Pasuuphi" {Dex+4}
rPois   .          Reflect  .    (helmet restricted)
rElec   .          Harm     .    (no cloak)
rCorr   .          Rampage  .    (no gloves)
Will    .....                    (no boots)
Stlth   ++........               (no amulet)
HPRegen 0.29/turn                (no ring)
MPRegen 0.09/turn                (no ring)

@: studying Dodging
A: horns 2, retaliatory headbutt
a: Renounce Religion, Berserk, Trog's Hand


You were on level 5 of the Dungeon.
You worshipped Trog.
Trog was most pleased with you.
You visited 1 branch of the dungeon, and saw 5 of its levels.

You collected 192 gold pieces.

Inventory:

Hand Weapons
 a - a +0 spear (weapon)
 x - a +1 vampiric dagger
Armour
 b - a +0 animal skin
 l - a +0 helmet
 t - a +1 robe of willpower
 y - the +1 leather armour "Pasuuphi" (worn) {Dex+4}
   (You found it on level 4 of the Dungeon)

   Dex:       It affects your dexterity (+4).
Magical Staves
 m - a staff of earth
 v - a staff of air
Jewellery
 n - an amulet of regeneration
 p - a +6 ring of intelligence
 q - a ring of see invisible
 w - a +4 ring of evasion
Scrolls
 c - 7 scrolls of identify {unknown}
 d - 6 scrolls of teleportation {unknown}
 g - 2 scrolls of blinking {unknown}
 h - 3 scrolls of amnesia {unknown}
 k - a scroll of immolation {unknown}
 r - 2 scrolls of fear {unknown}
 u - 2 scrolls of poison {unknown}
Potions
 e - a potion of cancellation {unknown}
 f - a potion of haste {unknown}
 i - 2 potions of attraction {unknown}
 j - a potion of heal wounds {unknown}
 o - 2 potions of curing {unknown}
 s - a potion of mutation {unknown}


   Skills:
 + Level 5.4 Fighting
 + Level 6.9 Polearms
 + Level 2.7 Armour
 + Level 4.1 Dodging
 + Level 1.7 Stealth


You had 5 spell levels left.
You didn't know any spells.
Your spell library contained the following spells:

 Spells                   Type           Power      Damage    Failure   Level
 Static Discharge         Conj/Air       0%         2-2/arc   69%         2
 Ozocubu's Armour         Ice            0%         N/A       89%         3
 Vhi's Electric Charge    Tloc/Air       0%         N/A       89%         3
 Arcjolt                  Conj/Air       0%         1d10      100%        5
 Lightning Bolt           Conj/Air       0%         1d11      100%        5
 Metabolic Englaciation   Hex/Ice        0%         N/A       100%        5
 Simulacrum               Ice/Necr       0%         N/A       100%        6


Dungeon Overview and Level Annotations

Branches:
Dungeon (5/15)             Temple (0/1) D:4

Altars:

Shops:
D:2 :


Innate Abilities, Weirdness & Mutations

You have a pair of horns on your head.
You reflexively headbutt those who attack you in melee.


Message History

A puff of flame appears from out of thin air!
The puff of flame hits you!
* * * LOW HITPOINT WARNING * * *
The orc priest begins to cast a cantrip, but forgets the words!
You bump into the rock wall.
You hear some strange, mumbled words.
Something tries to affect you, but you resist.
You bump into the rock wall.
The orc priest hits you from afar with a +0 trident.
* * * LOW HITPOINT WARNING * * *
Something hits you but does no damage.
You're too confused to move!
The orc priest miscasts a cantrip.
You're too confused to move!
You feel less confused.
The orc priest looks encouraged for a moment.
Something hits you.
* * * LOW HITPOINT WARNING * * *
You miss something.
The orc priest hits you from afar with a +0 trident!
* * * LOW HITPOINT WARNING * * *
Something hits you.
* * * LOW HITPOINT WARNING * * *
You closely miss something. You closely miss something.
Your headbutt misses something.
The orc priest hits you from afar with a +0 trident.
* * * LOW HITPOINT WARNING * * *
Something hits you.
* * * LOW HITPOINT WARNING * * *
You hit something but do no damage. You headbutt something.
The orc priest hits you from afar with a +0 trident.
* * * LOW HITPOINT WARNING * * *
Something barely misses you.
You hit something but do no damage. Something barely misses you.
The orc priest hits you from afar with a +0 trident.
* * * LOW HITPOINT WARNING * * *
You hit something but do no damage. You miss something.
Your headbutt misses something.
The orc priest hits you from afar with a +0 trident.
You die...

..............#
............##
.........###
##......#
##....##
#.....###
#..>###...###
.....
####{.#### ....
#@.oo.### ...
#####...# ...
####.....#
##..... ...#
... .. .


You could see 2 orc priests.

Vanquished Creatures
  A steam dragon (D:4)
  A black bear (D:4)
  A howler monkey (D:4)
  An orc priest (D:4)
  Jessica (D:3)
  An orc wizard (D:4)
  6 adders
  4 worms
  3 dart slugs
  3 orcs (D:4)
  8 ball pythons
  9 endoplasms
  3 giant cockroaches
  6 goblins
  4 hobgoblins
  6 jackals
  6 kobolds
  3 quokkas
  9 bats
  2 frilled lizards
  8 rats
86 creatures vanquished.

Vanquished Creatures (others)
  A goblin (D:4)
1 creature vanquished.

Grand Total: 87 creatures vanquished

Notes
Turn   | Place    | Note
-------+----------+-------------------------------------------
     0 | D:1      | kurumiz the Minotaur Berserker began the quest for the Orb.
     0 | D:1      | Reached XP level 1. HP: 19/19 MP: 0/0
   421 | D:1      | Reached XP level 2. HP: 27/27 MP: 1/1
   542 | D:1      | Reached skill level 4 in Polearms
  1175 | D:2      | Found a faded altar of an unknown god.
  1229 | D:2      | Reached XP level 3. HP: 30/33 MP: 2/2
  1365 | D:2      | Found Ivvop's Book Shop.
  1576 | D:2      | Reached ** piety under Trog
  2014 | D:2      | Reached XP level 4. HP: 41/41 MP: 3/3
  2514 | D:3      | Noticed Jessica
  2523 | D:3      | Killed Jessica
  2726 | D:3      | Reached *** piety under Trog
  2794 | D:3      | Reached skill level 5 in Polearms
  2794 | D:3      | Reached skill level 1 in Stealth
  2794 | D:3      | Reached XP level 5. HP: 43/47 MP: 4/4
  3241 | D:4      | Noticed a black bear
  3249 | D:4      | Killed a black bear
  3250 | D:4      | Reached skill level 5 in Fighting
  3322 | D:4      | Found a staircase to the Ecumenical Temple.
  3637 | D:4      | Reached XP level 6. HP: 56/56 MP: 5/5
  3639 | D:4      | Reached skill level 6 in Polearms
  3719 | D:4      | Noticed a steam dragon
  3731 | D:4      | Killed a steam dragon
  4177 | D:4      | Identified the +1 leather armour "Pasuuphi" {Dex+4}
  4508 | D:5      | Entered Level 5 of the Dungeon
  4592 | D:5      | Slain by an orc priest

Illustrated notes

Levels and vault maps discovered:
D:1:      co_arrival_random_square_maze, layout_loops_corners,
          dk_noncrumbling_4, minmay_misc_feat_tiny
D:2:      layout_basic, ebering_ecumenical_altar_box, serial_shops,
          nicolae_shop_advertising_works [nicolae_subvault_shop_adworks],
          minmay_misc_feat_alley, minmay_tripent
D:3:      layout_basic, minmay_cut_off, uniq_jessica
D:4:      layout_cave_pods, minmay_temple_entry_metal_lava,
          hangedman_abyss_or_decor_slice, minmay_manual_mullet
D:5:      layout_cave_pods, nicolae_dithmenos_the_darkroom, uniq_blork_the_orc,
          uniq_crazy_yiuf_cottage, uniq_eustachio

Skill      XL: |  1  2  3  4  5  6 |
---------------+-------------------+-----
Polearms       | 4 5 6 |  6.9
Fighting       | 4 5 |  5.4
Dodging        | 3 4 |  4.1
Stealth        | 1 |  1.7
Armour         | |  2.7

Action                   |  1- 3 |  4- 6 || total
-------------------------+-------+-------++-------
Melee: Spear             |   104 |   127 ||   231
       Headbutt          |    10 |    20 ||    30
       Punch             |     2 |       ||     2
Invok: Berserk           |       |     3 ||     3
       Trog's Hand       |       |     1 ||     1
 Stab: Sleeping          |     3 |     1 ||     4
Armor: Animal skin       |     4 |    20 ||    24
       Leather armour    |       |     3 ||     3
Dodge: Dodged            |    46 |    60 ||   106

Table legend: (Time is in decaauts)
 A = Elapsed time spent in this place.
 B = Non-inter-level travel time spent in this place.
 C = Inter-level travel time spent in this place.
 D = Time resting spent in this place.
 E = Time spent auto-exploring this place.
 F = Levels seen in this place.
 G = Mean time per level.
                   A        B        C        D        E       F      G
               +--------+--------+--------+--------+--------+-----+--------+
         Total |   4635 |   3921 |    714 |      0 |   3320 |   5 |  927.0 |
       Dungeon |   4635 |   3921 |    714 |      0 |   3320 |   5 |  927.0 |
               +--------+--------+--------+--------+--------+-----+--------+

Top non-repeatable levels by time:
     D:4: 1450 daAuts
     D:2: 1246 daAuts
     D:1: 1139 daAuts
     D:3: 716 daAuts
     D:5: 81 daAuts
